 Dungeon Crawl Stone Soup version 0.28.0 (webtiles) character file.

Game seed: 12402790200293634221

0 jt the Sneak (level 1, -2/21 HPs)
             Began as a Naga Delver on Feb 12, 2022.
             Slain by an orc (4 damage)
             ... on level 5 of the Dungeon.
             The game lasted 00:00:19 (34 turns).

jt the Sneak (Naga Delver)                            Turns: 34, Time: 00:00:20

Health: -2/21      AC:  1    Str: 14    XL:     1   Next: 0%
Magic:  1/1        EV:  9    Int: 10    God:
Gold:   14         SH:  0    Dex: 12    Spells: 0/0 levels left

rFire   . . .      SeeInvis +   a - +0 short sword
rCold   . . .      Faith    .   (no shield)
rNeg    . . .      Spirit   .   b - +0 leather armour
rPois   +          Reflect  .   (no helmet)
rElec   .          Harm     .   (no cloak)
rCorr   .          Rampage  .   (no gloves)
Will    .....                   (no barding)
Stlth   +++.......              (no amulet)
HPRegen 0.07/turn               (no ring)
MPRegen 0.07/turn               (no ring)

@: short of breath, very slow
A: AC +0, large, see invisible, deformed body, poison resistance, slowness 2,
spit poison 1, naga tail 1
a: Spit Poison


You were on level 5 of the Dungeon.
You visited 1 branch of the dungeon, and saw 1 of its levels.

You collected 14 gold pieces.

Inventory:

Hand Weapons
 a - a +0 short sword (weapon)
Armour
 b - a +0 leather armour (worn)
Wands
 g - a wand of digging (3)
Scrolls
 c - a scroll of fog
 d - a scroll of magic mapping
 e - a scroll of fear
 h - a scroll of identify {unknown}
 i - 3 scrolls of noise {unknown}
Potions
 f - a potion of haste


   Skills:
 + Level 3.0 Fighting
 + Level 2.0 Short Blades
 - Level 1.5 Dodging
 + Level 7.2 Stealth


You couldn't memorise any spells.
You didn't know any spells.
Your spell library was empty.

Dungeon Overview and Level Annotations

Branches:
Dungeon (5/15)
 Temple: D:4-7

Altars:


Innate Abilities, Weirdness & Mutations

Your serpentine skin is tough. (AC +0)
You have supernaturally acute eyesight. (SInv)
Armour fits poorly on your strangely shaped body.
Your system is resistant to poisons. (rPois)
You cover ground very slowly.
You can spit poison.
You have a snake-like lower body.


Message History

An orc comes into view. It is wielding a +0 club.
Found a glowing pink potion.
You see here 3 scrolls labelled WIHOCLIOSA.
i - 3 scrolls labelled WIHOCLIOSA
Found a stone staircase leading down.
A gnoll comes into view. It is wielding a +0 flail.
The gnoll shouts!
You hear a shout!
An iguana comes into view.
Found a scroll labelled NICRIZ JUPOAF.
A gnoll comes into view. It is wielding a +0 halberd.
The iguana moves out of view.
Okay, then.
Aiming: Spit Poison (3% risk of failure)
Press: ? - help, Shift-Dir - straight line, f - gnoll
Aim: a gnoll, wielding a +0 flail (59% to hit)
The splash of poison hits the gnoll.
The gnoll is poisoned.
The gnoll is moderately wounded.
The orc shouts!
You hit the gnoll.
The gnoll is heavily wounded.
You hear a shout!
You hear an angry hiss.
A gnoll shaman comes into view. It is wielding a +0 club.
The gnoll closely misses you.
You hit the gnoll.
The gnoll is severely wounded.
The gnoll barely misses you.
You closely miss the gnoll.
The gnoll is severely wounded.
The gnoll hits you with a +0 flail!
You barely miss the gnoll.
The gnoll is severely wounded.
The gnoll hits you with a +0 flail!
* * * LOW HITPOINT WARNING * * *
The orc hits you with a +0 club.
* * * LOW HITPOINT WARNING * * *
Unknown command.
You hit the gnoll.
You kill the gnoll!
The orc hits you with a +0 club.
You die...

#..# . ##.# .. #.#
##.. #.#... #.#.#
#####...#
##.....###
..########..###.#
..gl.go@.........!
..#####)#######.###
#... #.# .>...? ...
######.# #.# .. #.#
#.. ###


You could see a gnoll shaman, an iguana, a gnoll and an orc.

Vanquished Creatures
  A gnoll (D:5)
1 creature vanquished.

Notes
Turn   | Place    | Note
-------+----------+-------------------------------------------
     0 | D:5      | jt the Naga Delver began the quest for the Orb.
     0 | D:5      | Reached XP level 1. HP: 21/21 MP: 1/1
    28 | D:5      | Noticed an iguana
    30 | D:5      | Noticed a gnoll shaman
    34 | D:5      | Slain by an orc

Illustrated notes

Levels and vault maps discovered:
D:5:      layout_rooms

Action                   || total
-------------------------++-------
Melee: Short sword       ||     5
 Abil: Spit Poison       ||     1
Dodge: Dodged            ||     2
